[Event "ICC tourney 1934 (60 10)"]
[Site "Internet Chess Club"]
[Date "2020.07.25"]
[Round "1"]
[White "pawnpush202044"]
[Black "hankmd"]
[Result "1-0"]
[ICCResult "Black checkmated"]
[WhiteElo "1499"]
[BlackElo "1596"]
[Opening "QGD Slav: Wiesbaden variation"]
[ECO "D17"]
[NIC "SL.04"]
[Time "11:06:24"]
[TimeControl "3600+10"]

1. c4 c6 2. d4 d5 3. Nc3 Nf6 4. Nf3 dxc4 5. a4 Bf5 6. Ne5 e6 7. f3 Bg6 8. e4
Nbd7 9. Nxc4 Qc7 10. Qb3 O-O-O 11. a5 c5 12. Nb5 Qb8 13. Be3 cxd4 14. Bxd4
Nc5 15. Qc3 Nfd7 16. b4 Na6 17. Ncd6# {Black checkmated} 1-0

[Event "ICC tourney 1934 (60 10)"]
[Site "Internet Chess Club"]
[Date "2020.07.25"]
[Round "1"]
[White "AboardBuffalo"]
[Black "avats"]
[Result "1-0"]
[ICCResult "Black resigns"]
[WhiteElo "1580"]
[BlackElo "1402"]
[Opening "French: Tarrasch, closed variation"]
[ECO "C05"]
[NIC "FR.17"]
[Time "11:05:49"]
[TimeControl "3600+10"]

1. e4 e6 2. d4 d5 3. Nd2 Nf6 4. e5 Nfd7 5. Bd3 c5 6. c3 Nc6 7. Ne2 Qb6 8.
Nf3 cxd4 9. cxd4 Bb4+ 10. Bd2 Bxd2+ 11. Qxd2 O-O 12. O-O Rd8 13. Rac1 Nf8
14. Nc3 Bd7 15. Na4 Qb4 16. Nc3 Rac8 17. a3 Qe7 18. Nb5 Be8 19. Nd6 Rb8 20.
Qf4 Nd7 21. b4 a6 22. Bxa6 bxa6 23. Rxc6 Rb6 24. Nc8 {Black resigns} 1-0

[Event "ICC tourney 1934 (60 10)"]
[Site "Internet Chess Club"]
[Date "2020.07.25"]
[Round "1"]
[White "krishghosh"]
[Black "combusken1123"]
[Result "0-1"]
[ICCResult "White checkmated"]
[WhiteElo "1401"]
[BlackElo "1498"]
[Opening "Dutch"]
[ECO "A80"]
[NIC "HD.12"]
[Time "11:05:56"]
[TimeControl "3600+10"]

1. d4 f5 2. Bf4 Nf6 3. Nd2 d6 4. Ngf3 g6 5. e3 Bg7 6. Bc4 e6 7. c3 O-O 8.
O-O Qe8 9. h3 h6 10. Re1 g5 11. Bh2 Qh5 12. Nb3 g4 13. hxg4 Nxg4 14. Bg3 Kh8
15. Nh2 e5 16. Nxg4 fxg4 17. Be2 Qg5 18. dxe5 Bxe5 19. Bxe5+ dxe5 20. Qc2 g3
21. f3 Qxe3+ 22. Kf1 Qf2# {White checkmated} 0-1

[Event "ICC tourney 1934 (60 10)"]
[Site "Internet Chess Club"]
[Date "2020.07.25"]
[Round "1"]
[White "IndianTerritory"]
[Black "chessmaster0981"]
[Result "1-0"]
[ICCResult "Black resigns"]
[WhiteElo "1662"]
[BlackElo "1319"]
[Opening "French: Burn variation"]
[ECO "C11"]
[NIC "FR.05"]
[Time "11:06:01"]
[TimeControl "3600+10"]

1. e4 e6 2. d4 d5 3. Nc3 Nf6 4. Bg5 dxe4 5. Nxe4 Be7 6. Bxf6 Bxf6 7. Nf3 Nd7
8. Qd2 Be7 9. Bd3 O-O 10. O-O c5 11. dxc5 Nxc5 12. Nxc5 Bxc5 13. Rad1 Qe7
14. Rfe1 Bd7 15. Bxh7+ Kxh7 16. Qxd7 Rfe8 17. Ne5 Kg8 18. Qa4 Rad8 19. c3
Qf6 20. Nd3 Rxd3 21. Qxe8+ Kh7 22. Kh1 Rh3 23. Qa4 Bxf2 24. Qe4+ Kg8 25.
gxh3 Bxe1 26. Rxe1 {Black resigns} 1-0

[Event "ICC tourney 1934 (60 10)"]
[Site "Internet Chess Club"]
[Date "2020.07.25"]
[Round "1"]
[White "chessisthebest1"]
[Black "HAPPYKING99"]
[Result "1-0"]
[ICCResult "Black resigns"]
[WhiteElo "1529"]
[BlackElo "1250"]
[Opening "Sicilian: Kan, 5.Bd3"]
[ECO "B42"]
[NIC "SI.42"]
[Time "11:05:46"]
[TimeControl "3600+10"]

1. e4 c5 2. Nf3 e6 3. d4 cxd4 4. Nxd4 a6 5. Bd3 Qc7 6. O-O Nf6 7. c4 Be7 8.
Qe2 O-O 9. Nc3 b6 10. f4 Bb7 11. Kh1 d6 12. Bd2 Nbd7 13. b4 Rfe8 14. Rab1 h6
15. f5 e5 16. Nf3 Rac8 17. Rbc1 Qb8 18. h3 Bc6 19. Kh2 Qb7 20. b5 axb5 21.
cxb5 Bxe4 22. Nxe4 Nxe4 23. Bxe4 Qb8 24. Bc6 Qa7 25. Bb4 Red8 26. Bxd7 Qxd7
27. Qd3 Rxc1 28. Rxc1 Ra8 29. a3 Bf6 30. Rc6 Rb8 31. Qxd6 Qxd6 32. Bxd6
{Black resigns}
1-0

[Event "ICC tourney 1934 (60 10)"]
[Site "Internet Chess Club"]
[Date "2020.07.25"]
[Round "1"]
[White "importantheart"]
[Black "Niteshc"]
[Result "0-1"]
[ICCResult "White resigns"]
[WhiteElo "1277"]
[BlackElo "1378"]
[Opening "Caro-Kann: exchange, Rubinstein variation"]
[ECO "B13"]
[NIC "CK.02"]
[Time "11:06:01"]
[TimeControl "3600+10"]

1. e4 c6 2. d4 d5 3. exd5 cxd5 4. Bd3 Nc6 5. c3 Nf6 6. Bf4 Bg4 7. Qb3 Qd7 8.
Nd2 e6 9. Ngf3 a6 10. O-O Bd6 11. Bxd6 Qxd6 12. Qxb7 O-O 13. Qb3 Rfb8 14.
Qc2 Rc8 15. a3 Bh5 16. Rfe1 Ng4 17. Nb3 e5 18. Bf5 e4 19. Bxc8 Rxc8 20. Ne5
Ncxe5 21. dxe5 Qxe5 22. g3 Nxh2 23. f4 Nf3+ 24. Kf2 Nxe1 25. Rxe1 Qf5 26.
Re3 g5 {White resigns} 0-1

[Event "ICC tourney 1934 (60 10)"]
[Site "Internet Chess Club"]
[Date "2020.07.25"]
[Round "1"]
[White "QueenHM"]
[Black "gmcarebear999"]
[Result "1-0"]
[ICCResult "Black checkmated"]
[WhiteElo "1317"]
[BlackElo "1391"]
[Opening "Sicilian: Smith-Morra gambit"]
[ECO "B21"]
[NIC "SI.47"]
[Time "11:05:58"]
[TimeControl "3600+10"]

1. e4 c5 2. d4 cxd4 3. c3 Nf6 4. e5 Nd5 5. cxd4 e6 6. Nc3 d6 7. f4 Nc6 8.
Nf3 dxe5 9. fxe5 Bb4 10. Bd2 O-O 11. Bc4 Bxc3 12. bxc3 Bd7 13. O-O Na5 14.
Bd3 h6 15. Qe2 a6 16. Qe4 f5 17. exf6 Nxf6 18. Qg6 Be8 19. Qg3 Kh8 20. Ne5
Nc6 21. Ng6+ Bxg6 22. Qxg6 Qe8 23. Rxf6 Qxg6 24. Rxg6 e5 25. d5 Ne7 26. Rd6
Nf5 27. Bxf5 Rxf5 28. Rf1 Rh5 29. Rf7 b5 30. Rg6 Re8 31. Rgxg7 e4 32. Rh7+
Kg8 33. Rfg7+ Kf8 34. Be3 Rxd5 35. Bxh6 Rd1+ 36. Kf2 e3+ 37. Bxe3 Rd5 38.
Rf7+ Kg8 39. Rhg7+ Kh8 40. Bd4 Rxd4 41. cxd4 a5 42. Rg5 Rc8 43. Rxb5 Rc2+
44. Kg3 Rc3+ 45. Rf3 Rc4 46. Rxa5 Rxd4 47. Ra7 Rd8 48. a4 Rg8+ 49. Kf2 Rd8
50. a5 Rd1 51. Rf8# {Black checkmated} 1-0

[Event "ICC tourney 1934 (60 10)"]
[Site "Internet Chess Club"]
[Date "2020.07.25"]
[Round "1"]
[White "Aqualime"]
[Black "yogokings12"]
[Result "1/2-1/2"]
[ICCResult "Game drawn by mutual agreement"]
[WhiteElo "1384"]
[BlackElo "1506"]
[Opening "Grünfeld: exchange variation"]
[ECO "D85"]
[NIC "GI.03"]
[Time "11:06:11"]
[TimeControl "3600+10"]

1. d4 Nf6 2. c4 g6 3. Nc3 d5 4. cxd5 Nxd5 5. Bd2 Bg7 6. e4 Nb6 7. d5 c6 8.
dxc6 Nxc6 9. Nf3 O-O 10. Be2 Bg4 11. O-O Bxf3 12. Bxf3 Nc4 13. Bc1 Qa5 14.
Qb3 Qb4 15. Qxb4 Nxb4 16. a3 Nc2 17. Ra2 Nd4 18. Bg4 Nb3 19. Nd5 e6 20. Ne3
Nxc1 21. Rxc1 Nxb2 22. Rb1 Nd3 23. Rxb7 Rfb8 24. Rxb8+ Rxb8 25. g3 Rb1+ 26.
Kg2 Rb2 27. Rxb2 Nxb2 28. f4 Bf8 29. Nc2 Nc4 30. a4 Bc5 31. Be2 Ne3+ 32.
Nxe3 Bxe3 33. Kf3 Bg1 34. h3 Bb6 35. Bc4 Kf8 36. g4 Ke7 37. e5 h6 38. h4 a5
39. h5 gxh5 40. gxh5 Kf8 41. Kg4 Kg7 42. Bb3 Bd4 43. Bc4 Kf8 44. Kf3 Ke7 45.
Ke4 Bc5 46. Bb3 f6 47. exf6+ Kxf6 48. Bc4 Bd6 49. Bb3 Bb4
{Game drawn by mutual agreement}
1/2-1/2

[Event "ICC tourney 1934 (60 10)"]
[Site "Internet Chess Club"]
[Date "2020.07.25"]
[Round "1"]
[White "karuto2006"]
[Black "mancogu"]
[Result "1/2-1/2"]
[ICCResult "Game drawn by repetition"]
[WhiteElo "1350"]
[BlackElo "1287"]
[Opening "Sicilian: Najdorf, Byrne (English) attack"]
[ECO "B90"]
[NIC "SI.14"]
[Time "11:05:48"]
[TimeControl "3600+10"]

1. e4 c5 2. Nf3 d6 3. d4 cxd4 4. Nxd4 Nf6 5. Nc3 a6 6. Be3 Nc6 7. f3 e6 8.
Qd2 Qc7 9. g4 h6 10. h4 Be7 11. h5 b5 12. Bg2 Bb7 13. O-O-O Rc8 14. g5 hxg5
15. Bxg5 Nxd4 16. Qxd4 Qc5 17. Qxc5 dxc5 18. h6 g6 19. f4 Nh7 20. Bxe7 Kxe7
21. Rh2 Nf6 22. Bf3 Rh7 23. Rh3 Rd8 24. e5 Nd5 25. Nxd5+ Bxd5 26. Bxd5 Rxd5
27. Rxd5 exd5 28. Ra3 Rxh6 29. Rxa6 Rh4 30. Ra5 Rxf4 31. Rxb5 Ke6 32. Rxc5
Kxe5 33. Kd2 Kd4 34. Rc3 g5 35. Rd3+ Ke5 36. b3 g4 37. Rg3 f5 38. a4 Re4 39.
a5 Kd6 40. Rg1 Kc6 41. Kd3 Kb5 42. Rf1 g3 43. Rxf5 Rg4 44. Rf1 g2 45. Rg1
Kxa5 46. Ke2 Kb4 47. Kd2 Kc5 48. Ke2 Kd4 49. Kd2 Kc5 50. Ke2 Kb4 51. Kd2 Kc5
52. Ke2 Kb4 53. Kd2 Rg5 54. Kd3 Rg4 55. Kd2 Kc5 56. Ke2
{Game drawn by repetition}
1/2-1/2

[Event "ICC tourney 1934 (60 10)"]
[Site "Internet Chess Club"]
[Date "2020.07.25"]
[Round "1"]
[White "erumaimadugod"]
[Black "siddhu25"]
[Result "1/2-1/2"]
[ICCResult "Game drawn because neither player has mating material"]
[WhiteElo "1422"]
[BlackElo "1471"]
[Opening "Caro-Kann: advance variation"]
[ECO "B12"]
[NIC "CK.02"]
[Time "11:06:34"]
[TimeControl "3600+10"]

1. e4 c6 2. d4 d5 3. e5 c5 4. dxc5 e6 5. Be3 Nd7 6. Bb5 Qc7 7. Nf3 Bxc5 8.
Bxc5 Qxc5 9. Nc3 Ne7 10. Qd4 Qxd4 11. Nxd4 Ng6 12. Nf3 O-O 13. O-O-O Ndxe5
14. Nxe5 Nxe5 15. Rhe1 Ng6 16. Ne2 a6 17. Bd3 Bd7 18. Nd4 Bc6 19. Kd2 Rfe8
20. Bxg6 hxg6 21. Nxc6 bxc6 22. Re3 c5 23. Rc3 c4 24. b3 cxb3 25. axb3 Rac8
26. Rxc8 Rxc8 27. Ra1 Rc6 28. Kd3 Kf8 29. c4 Ke7 30. f4 f6 31. Kd4 dxc4 32.
bxc4 Kd6 33. Ra5 e5+ 34. fxe5+ fxe5+ 35. Ke3 Rxc4 36. Rxa6+ Rc6 37. Ra7 Ke6
38. Rxg7 Kf6 39. Ra7 Rc2 40. Kf3 e4+ 41. Kxe4 Rxg2 42. Rh7 Kg5 43. h4+ Kg4
44. Rh6 Re2+ 45. Kd3 Re6 46. h5 Kg5 47. Rxg6+ Rxg6 48. hxg6 Kxg6
{Game drawn because neither player has mating material}
1/2-1/2

[Event "ICC tourney 1934 (60 10)"]
[Site "Internet Chess Club"]
[Date "2020.07.25"]
[Round "1"]
[White "anshulg"]
[Black "DanielA1926"]
[Result "1-0"]
[ICCResult "Black checkmated"]
[WhiteElo "1490"]
[BlackElo "1224"]
[Opening "Sicilian: Alapin's variation (2.c3)"]
[ECO "B22"]
[NIC "SI.46"]
[Time "11:05:52"]
[TimeControl "3600+10"]

1. e4 c5 2. c3 e5 3. Nf3 Nc6 4. c4 d6 5. Nc3 Nf6 6. d3 Bg4 7. Be2 Be7 8. O-O
O-O 9. a3 a5 10. Bd2 Bxf3 11. Bxf3 Nd4 12. Bg5 Rb8 13. Bxf6 Bxf6 14. Nd5 b5
15. b3 Nxf3+ 16. Qxf3 Bg5 17. Rfb1 bxc4 18. bxc4 Qd7 19. Qd1 f5 20. a4 Bd8
21. Rxb8 fxe4 22. dxe4 Qf7 23. f3 g5 24. Qd2 Kh8 25. Rab1 g4 26. fxg4 Kg7
27. Rxd8 Rxd8 28. Qg5+ Qg6 29. Qxd8 Qxe4 30. Qf6+ Kg8 31. Ne7#
{Black checkmated}
1-0

[Event "ICC tourney 1934 (60 10)"]
[Site "Internet Chess Club"]
[Date "2020.07.25"]
[Round "1"]
[White "sillytiger"]
[Black "peekaboopenguin"]
[Result "0-1"]
[ICCResult "White checkmated"]
[WhiteElo "1302"]
[BlackElo "1274"]
[Opening "English opening"]
[ECO "A17"]
[NIC "EO.64"]
[Time "11:05:52"]
[TimeControl "3600+10"]

1. c4 e6 2. Nc3 Nf6 3. g3 d5 4. cxd5 exd5 5. Bg2 Be7 6. Nf3 c6 7. O-O O-O 8.
d3 Be6 9. Bd2 Nbd7 10. Rc1 Rc8 11. Nd4 Qb6 12. Na4 Qxd4 13. Bc3 Qg4 14. Bf3
Qg6 15. Qb3 d4 16. Qxb7 dxc3 17. Rxc3 Nd5 18. Bxd5 Rb8 19. Qxc6 Ne5 20. Qc7
Bxd5 21. Qxe7 Qh5 22. f3 Rfe8 23. Qc7 Qh3 24. Rc5 Ng4 25. Rf2 Bxf3 26. exf3
Re1+ 27. Rf1 Rxf1# {White checkmated} 0-1

[Event "ICC tourney 1934 (60 10)"]
[Site "Internet Chess Club"]
[Date "2020.07.25"]
[Round "1"]
[White "happyscientist"]
[Black "DankMemer"]
[Result "1/2-1/2"]
[ICCResult "Game drawn by mutual agreement"]
[WhiteElo "1592"]
[BlackElo "1564"]
[Opening "French: advance, Milner-Barry gambit"]
[ECO "C02"]
[NIC "FR.03"]
[Time "11:05:54"]
[TimeControl "3600+10"]

1. e4 e6 2. d4 d5 3. e5 c5 4. c3 Nc6 5. Nf3 Qb6 6. Bd3 Nge7 7. O-O Nf5 8.
Bxf5 exf5 9. Qd2 Be6 10. Rd1 Be7 11. Qe2 h6 12. h4 a5 13. dxc5 Bxc5 14. Nbd2
Qa6 15. Qxa6 Rxa6 16. Nb3 Ba7 17. Nbd4 Nxd4 18. Nxd4 Bxd4 19. cxd4 b5 20.
Bd2 b4 21. a3 b3 22. Rac1 O-O 23. Rc5 a4 24. Bb4 Rc8 25. Rdc1 Raa8 26. Rxc8+
{Game drawn by mutual agreement}
1/2-1/2

[Event "ICC tourney 1934 (60 10)"]
[Site "Internet Chess Club"]
[Date "2020.07.25"]
[Round "1"]
[White "Almanac2050"]
[Black "JunlinTheWorld"]
[Result "0-1"]
[ICCResult "White resigns"]
[WhiteElo "1613"]
[BlackElo "1681"]
[Opening "Sicilian: accelerated fianchetto, modern variation"]
[ECO "B34"]
[NIC "SI.33"]
[Time "11:06:24"]
[TimeControl "3600+10"]

1. e4 c5 2. Nf3 Nc6 3. d4 cxd4 4. Nxd4 g6 5. Nc3 Bg7 6. Be3 Nf6 7. f3 O-O 8.
Qd2 d5 9. Nxc6 bxc6 10. O-O-O Be6 11. e5 Nd7 12. f4 Qa5 13. Be2 Rab8 14. g4
f6 15. exf6 Nxf6 16. Bd4 c5 17. Be5 d4 18. Nb1 Qxa2 19. Bxb8 Rxb8 20. b3 c4
21. Bxc4 Bxc4 22. Qxd4 Bxb3 23. cxb3 Rc8+ 24. Nc3 Ne8 25. Qd5+ Kh8 26. Rd3
Bxc3 27. Kd1 Bb4 {White resigns} 0-1

[Event "ICC tourney 1934 (60 10)"]
[Site "Internet Chess Club"]
[Date "2020.07.25"]
[Round "1"]
[White "evg1234567"]
[Black "goodcrowdchess"]
[Result "1-0"]
[ICCResult "Black checkmated"]
[WhiteElo "1569"]
[BlackElo "1328"]
[Opening "QGD Slav defense: exchange variation"]
[ECO "D13"]
[NIC "SL.01"]
[Time "11:06:25"]
[TimeControl "3600+10"]

1. d4 d5 2. c4 c6 3. cxd5 cxd5 4. Nc3 Nc6 5. Nf3 Nf6 6. Bf4 a6 7. e3 Bf5 8.
Qb3 Qd7 9. Be2 e6 10. O-O Be7 11. Rac1 O-O 12. Na4 Na5 13. Qd1 Rac8 14. Nc5
Bxc5 15. dxc5 Qe7 16. b4 Nc6 17. Bd6 Qe8 18. Bxf8 Kxf8 19. a3 e5 20. Qb3 Bg4
21. h3 Bh5 22. Rfe1 e4 23. Nd4 Bxe2 24. Rxe2 Ne5 25. Nf5 Nd3 26. Rd1 Qe6 27.
Nd6 Rc7 28. Red2 Nd7 29. Rc2 N7e5 30. f4 exf3 31. Rxd3 Nxd3 32. Qxd3 fxg2
33. Rxg2 Qxh3 34. Qd4 f6 35. Qf4 Re7 36. Nf5 Re5 37. Ng3 Qe6 38. Nf1 g5 39.
Qf3 Rf5 40. Qe2 Re5 41. Qg4 Qe8 42. Rh2 Re7 43. Qf5 Qf7 44. Rh6 Re5 45. Qxh7
Qxh7 46. Rxh7 Re7 47. Rxe7 Kxe7 48. Kf2 Ke6 49. Nd2 Kd7 50. Kf3 f5 51. Nb1
Kc6 52. a4 b6 53. cxb6 Kxb6 54. Nc3 a5 55. bxa5+ Kxa5 56. Nxd5 Kxa4 57. Ne7
f4 58. e4 Kb5 59. Ng8 Kc5 60. Nh6 Kd4 61. Nf7 g4+ 62. Kxf4 g3 63. Ng5 g2 64.
Nf3+ Kc5 65. Kf5 Kd6 66. Kf6 Kd7 67. e5 Ke8 68. e6 Kf8 69. e7+ Ke8 70. Ng1
Kd7 71. Kf7 Kd6 72. e8=Q Kd5 73. Qe6+ Kd4 74. Kf6 Kd3 75. Qe5 Kd2 76. Kf5
Kd3 77. Qe4+ Kc3 78. Qxg2 Kd4 79. Qe4+ Kc5 80. Ke5 Kb6 81. Qc2 Kb5 82. Kd5
Kb4 83. Qc4+ Ka5 84. Qb3 Ka6 85. Kc6 Ka7 86. Qb7# {Black checkmated} 1-0

[Event "ICC tourney 1934 (60 10)"]
[Site "Internet Chess Club"]
[Date "2020.07.25"]
[Round "1"]
[White "ozturkms77"]
[Black "Mapking1"]
[Result "1/2-1/2"]
[ICCResult "Game drawn by mutual agreement"]
[WhiteElo "1475"]
[BlackElo "1421"]
[Opening "Sicilian"]
[ECO "B50"]
[NIC "SI.01"]
[Time "11:05:48"]
[TimeControl "3600+10"]

1. e4 c5 2. Nf3 d6 3. c3 Nf6 4. Bd3 Nc6 5. Bc2 Bg4 6. O-O g6 7. h3 Bxf3 8.
Qxf3 Bg7 9. Rd1 Rc8 10. d4 cxd4 11. cxd4 Nxd4 12. Ba4+ Nc6 13. e5 Nd7 14.
exd6 O-O 15. Bg5 f6 16. Qd5+ Kh8 17. dxe7 Nxe7 18. Qxd7 fxg5 19. Qxb7 Qb6
20. Qxb6 axb6 21. Nc3 Bxc3 22. bxc3 Rxc3 23. Rd7 Rc4 24. Bb3 Re4 25. Rc1 Re2
26. Rcc7 Rfxf2 27. Bd5 Rf5 28. Bf3 Re1+ 29. Kf2 Rfe5 30. a4 Kg7 31. Rb7 Re6
32. Bg4 R6e4 33. Rxb6 Ra1 34. Rbb7 Kf6 35. Rb6+ Kf7 36. Bd1
{Game drawn by mutual agreement}
1/2-1/2

[Event "ICC tourney 1934 (60 10)"]
[Site "Internet Chess Club"]
[Date "2020.07.25"]
[Round "1"]
[White "whyyoutrysohard"]
[Black "sushivishwa"]
[Result "1-0"]
[ICCResult "Black checkmated"]
[WhiteElo "1356"]
[BlackElo "1439"]
[Opening "Catalan opening"]
[ECO "E00"]
[NIC "CA.01"]
[Time "11:05:51"]
[TimeControl "3600+10"]

1. d4 Nf6 2. c4 e6 3. g3 Bb4+ 4. Bd2 a5 5. Nf3 Qe7 6. a3 Bxd2+ 7. Nbxd2 d6
8. e4 e5 9. d5 a4 10. Qc2 Nbd7 11. b4 axb3 12. Nxb3 O-O 13. Bg2 Ng4 14. h3
Nh6 15. g4 Kh8 16. O-O Re8 17. a4 Nf8 18. c5 Ng6 19. Rfc1 Nf4 20. cxd6 cxd6
21. Ne1 Qh4 22. f3 Bd7 23. Kh2 Bxa4 24. Ra3 b5 25. Nd3 Ng8 26. Nxf4 exf4 27.
Qd2 Qg3+ 28. Kg1 Rac8 29. Nd4 g5 30. Rac3 Rxc3 31. Qxc3 f6 32. Nf5 Re5 33.
Nxg3 fxg3 34. Bf1 Kg7 35. Qc7+ Kg6 36. Qxd6 h5 37. Rc7 hxg4 38. hxg4 Bd1 39.
Qf8 Ne7 40. Rxe7 Rxe7 41. Qxe7 Bxf3 42. Bxb5 Bxg4 43. Kg2 f5 44. exf5+ Bxf5
45. Kxg3 g4 46. Be8+ Kh6 47. Qf6+ Kh7 48. Qxf5+ Kg7 49. Qg6+ Kh8 50. Kh4 g3
51. Bf7 g2 52. Qg8# {Black checkmated} 1-0

[Event "ICC tourney 1934 (60 10)"]
[Site "Internet Chess Club"]
[Date "2020.07.25"]
[Round "1"]
[White "KyleZhuang"]
[Black "Ajitesh20091"]
[Result "0-1"]
[ICCResult "White resigns"]
[WhiteElo "1379"]
[BlackElo "1429"]
[Opening "Ruy Lopez: Wormald (Alapin) attack"]
[ECO "C77"]
[NIC "RL.12"]
[Time "11:06:30"]
[TimeControl "3600+10"]

1. e4 e5 2. Nf3 Nc6 3. Bb5 a6 4. Ba4 Nf6 5. Qe2 b5 6. Bb3 Be7 7. c3 d6 8.
O-O O-O 9. Rd1 Na5 10. Bc2 c5 11. d4 Qc7 12. d5 Bd7 13. Nbd2 Rab8 14. Nf1
Rfc8 15. b3 c4 16. b4 Nb7 17. Ng3 a5 18. h3 axb4 19. cxb4 Ra8 20. Nh4 g6 21.
Bh6 Nxd5 22. Nxg6 hxg6 23. exd5 Ra3 24. Qd2 Rca8 25. Be4 c3 26. Qc2 Kh7 27.
Qc1 Rxa2 28. Rxa2 Rxa2 29. Bg5 Bf8 30. h4 Qc4 31. h5 Qxb4 32. hxg6+ fxg6 33.
Nh5 Bg7 34. Qe3 Bg4 35. Nf6+ Bxf6 36. Bxf6 Qc5 37. Qg3 Qxf2+ 38. Qxf2 Rxf2
39. Kxf2 Bxd1 {White resigns} 0-1

[Event "ICC tourney 1934 (60 10)"]
[Site "Internet Chess Club"]
[Date "2020.07.25"]
[Round "1"]
[White "saanvichess"]
[Black "mydogeatschess"]
[Result "0-1"]
[ICCResult "White resigns"]
[WhiteElo "1272"]
[BlackElo "1433"]
[Opening "Scotch gambit: Dubois-Réti defense"]
[ECO "C55"]
[NIC "KP.02"]
[Time "11:05:56"]
[TimeControl "3600+10"]

1. e4 e5 2. Nf3 Nc6 3. d4 exd4 4. Bc4 Nf6 5. e5 d5 6. Bb5 Ne4 7. Nxd4 Bd7 8.
Bxc6 bxc6 9. O-O Bc5 10. f3 Ng5 11. f4 Ne4 12. Nc3 Nxc3 13. bxc3 O-O 14. Qh5
f6 15. Be3 fxe5 16. fxe5 Qe7 17. Bf4 Rf5 18. Qe2 Raf8 19. Bg3 Rxf1+ 20. Rxf1
Rxf1+ 21. Qxf1 Qg5 22. Qf4 Qxf4 23. Bxf4 Bb6 24. Kf1 Kf7 25. Ke2 c5 26. Nf3
h6 27. Be3 Bf5 28. Kd2 g5 29. h3 Ke6 30. Kc1 c6 31. Kb2 Be4 32. Kb3 c4+ 33.
Kb4 Bxe3 34. a4 Bxf3 35. gxf3 Kxe5 36. a5 a6 37. Ka3 Kf4 38. Ka2 h5 39. Ka3
Kxf3 40. Kb4 g4 {White resigns} 0-1

[Event "ICC tourney 1934 (60 10)"]
[Site "Internet Chess Club"]
[Date "2020.07.25"]
[Round "1"]
[White "rachael1120"]
[Black "Singireddy"]
[Result "0-1"]
[ICCResult "White resigns"]
[WhiteElo "1446"]
[BlackElo "1740"]
[Opening "Giuoco Piano"]
[ECO "C54"]
[NIC "IG.02"]
[Time "11:05:42"]
[TimeControl "3600+10"]

1. e4 e5 2. Nf3 Nc6 3. Bc4 Bc5 4. c3 Nf6 5. d4 exd4 6. cxd4 Bb4+ 7. Bd2
Bxd2+ 8. Nbxd2 Nxe4 9. Nxe4 d5 10. Bxd5 Qxd5 11. Nc3 Qe6+ 12. Qe2 Qxe2+ 13.
Nxe2 Bg4 14. Ne5 Bxe2 15. Nxc6 Bh5 16. Ne5 O-O-O 17. g4 Rxd4 18. gxh5 Re8
19. Kf1 Rxe5 20. Rg1 Rxh5 21. Rxg7 Rxh2 22. Rg2 Rh1+ 23. Rg1 Rxg1+ 24. Kxg1
Rd2 25. b3 Kd7 26. Kg2 Kd6 27. Kf3 a5 28. Ke3 Rd5 29. Rh1 h5 30. Rh4 c6 31.
Rf4 Ke6 32. Rh4 Kf6 33. Rf4+ Rf5 34. Rh4 Kg5 35. Rh1 Re5+ 36. Kf3 Kf6 37.
Rh4 Rc5 38. Rh1 b5 39. Ke4 Re5+ 40. Kd4 c5+ 41. Kd3 Kg5 42. Rh2 Kg4 43. a4
bxa4 44. bxa4 h4 45. Kc4 h3 46. Kb5 Re1 47. Kxa5 Rb1 48. Ka6 c4 49. a5 f5
50. Ka7 c3 51. a6 c2 52. f3+ Kg3 53. Rxc2 h2 54. Rxh2 Kxh2 55. Ka8 Ra1 56.
Kb7 Kg3 57. a7 Rxa7+ 58. Kxa7 Kxf3 {White resigns} 0-1

[Event "ICC tourney 1934 (60 10)"]
[Site "Internet Chess Club"]
[Date "2020.07.25"]
[Round "1"]
[White "prnavneet"]
[Black "winner08"]
[Result "0-1"]
[ICCResult "White resigns"]
[WhiteElo "1415"]
[BlackElo "1632"]
[Opening "Réti: Nimzovich-Larsen attack"]
[ECO "A06"]
[NIC "QP.09"]
[Time "11:06:06"]
[TimeControl "3600+10"]

1. Nf3 d5 2. b3 Nf6 3. Bb2 Bf5 4. g3 e6 5. Bg2 c5 6. O-O Nc6 7. c4 Be7 8. d3
O-O 9. Nbd2 d4 10. Rc1 e5 11. a3 b6 12. Qc2 Bd6 13. Rfe1 Re8 14. Nh4 Bd7 15.
h3 Qc8 16. Kh2 Rb8 17. Nhf3 h6 18. e3 Nh7 19. exd4 exd4 20. Rxe8+ Qxe8 21.
Re1 Qd8 22. Ne4 Bc7 23. Qe2 Nf6 24. Bc1 Nxe4 25. Qxe4 Qf6 26. Qd5 Rd8 27.
Qh5 Bf5 28. Rd1 Re8 29. Kg1 Re2 30. Nh4 Bxd3 31. Qf3 Ne5 32. Qxf6 gxf6 33.
Bf1 Rc2 34. Bxd3 Nxd3 35. Rxd3 Rxc1+ 36. Kg2 Rc3 37. Rf3 d3 38. Nf5 d2 39.
Rxc3 d1=Q 40. Ne7+ Kg7 41. Rf3 Bd6 42. Nd5 Be5 43. a4 Kf8 44. h4 Ke8 45. Re3
Kd7 46. Kh2 Bd4 47. Re7+ Kd6 48. Re8 Bxf2 49. Rd8+ Ke5 50. Re8+ Kd4 51. Kg2
Qg1+ 52. Kf3 Qxg3+ 53. Ke2 Be1 54. Kd1 Ba5 55. h5 Qd3+ 56. Kc1 Bd2+ 57. Kb2
Bc3+ 58. Ka3 Qb1 59. Re4+ Qxe4 60. Nxc3 Kxc3 {White resigns} 0-1

[Event "ICC tourney 1934 (60 10)"]
[Site "Internet Chess Club"]
[Date "2020.07.25"]
[Round "1"]
[White "Sanyi9Pakh"]
[Black "Knightboy123"]
[Result "0-1"]
[ICCResult "White resigns"]
[WhiteElo "1488"]
[BlackElo "1418"]
[Opening "Catalan: closed"]
[ECO "E01"]
[NIC "QP.07"]
[Time "11:06:06"]
[TimeControl "3600+10"]

1. d4 Nf6 2. g3 d5 3. c4 e6 4. Bg2 b6 5. Nf3 Bb7 6. O-O Be7 7. Nc3 O-O 8. b3
c5 9. cxd5 Nxd5 10. Bb2 Nxc3 11. Bxc3 cxd4 12. Qxd4 Qxd4 13. Nxd4 Bxg2 14.
Kxg2 Rc8 15. Rac1 Nc6 16. Bb2 Nxd4 17. Bxd4 Kf8 18. Bb2 f6 19. Rfd1 Ke8 20.
e4 Rc5 21. Bd4 Rxc1 22. Rxc1 Kd7 23. a4 Rc8 24. Rxc8 Kxc8 25. f4 Kc7 26. Kf3
Kc6 27. g4 Bc5 28. Bc3 b5 29. g5 fxg5 30. Bxg7 gxf4 31. Kxf4 Bd6+ 32. Be5
bxa4 33. Bxd6 Kxd6 34. bxa4 a5 35. h4 h6 36. h5 Kd7 37. Kg4 Kc6 38. Kf4 Kd6
39. Kf3 Kc5 40. Ke3 e5 41. Kf3 Kd4 42. Kg3 Kxe4 43. Kg4 Kd3 44. Kf5 e4 45.
Kg6 e3 46. Kxh6 e2 47. Kg7 e1=Q 48. h6 Kc4 49. h7 Kb4 50. Kf7 Qh4
{White resigns}
0-1

[Event "ICC tourney 1934 (60 10)"]
[Site "Internet Chess Club"]
[Date "2020.07.25"]
[Round "1"]
[White "minitotoro"]
[Black "Priccchess"]
[Result "0-1"]
[ICCResult "White resigns"]
[WhiteElo "1927"]
[BlackElo "1638"]
[Opening "Queen's pawn game"]
[ECO "D02"]
[NIC "QP.08"]
[Time "11:06:00"]
[TimeControl "3600+10"]

1. d4 d5 2. Nf3 e6 3. g3 Nf6 4. Bg2 Bd6 5. O-O O-O 6. c4 c6 7. Nc3 h6 8. Re1
Bb4 9. Ne5 Nbd7 10. f4 Ne4 11. Qb3 Qa5 12. Bxe4 dxe4 13. Rf1 Bxc3 14. bxc3
Qc7 15. Qc2 f5 16. c5 b6 17. cxb6 axb6 18. Qb3 Nxe5 19. fxe5 Bd7 20. Ba3 Rf7
21. Bd6 Qa7 22. Rfb1 b5 23. a3 Qa4 24. Qb2 Bc8 25. Rf1 Qc4 26. Rf2 g5 27. h3
Kg7 28. Raf1 Bd7 29. Bb4 Qd5 30. e3 Qc4 31. Qd2 Kh7 32. g4 Kg6 33. Kh2 Rh8
34. Rg1 Rfh7 35. Rfg2 Qd5 36. gxf5+ exf5 37. Qf2 Qe6 38. Rg3 Rf7 39. Qf4
Rfh7 40. R1g2 Kf7 41. Qf2 Kg6 42. Kg1 Kf7 43. Qe2 Kg6 44. Kf2 Rf7 45. Ke1 f4
46. exf4 Rxf4 47. Rg4 Qf5 48. Rxf4 Qxf4 49. h4 Qxh4+ 50. Rf2 Qg3 51. Qa2 Bf5
52. Kf1 e3 53. Rxf5 Qh3+ 54. Ke1 Qxf5 55. e6 Qe4 56. Qe2 Qh1+ 57. Qf1 Qxf1+
58. Kxf1 Kf6 59. e7 Re8 60. Ke2 Rxe7 61. Bxe7+ Kxe7 62. Kxe3 Ke6 63. Ke4 g4
64. Kf4 h5 {White resigns} 0-1